[Event "ICCopen2017"]
[Site "Internet Chess Club"]
[Date "2017.03.26"]
[Round "10"]
[White "hecan58"]
[Black "eltigrecu"]
[Result "0-1"]
[ICCResult "White checkmated"]
[WhiteElo "1645"]
[BlackElo "1944"]
[Opening "Sicilian: Pelikan (Lasker/Sveshnikov) variation"]
[ECO "B33"]
[NIC "SI.35"]
[Time "20:52:14"]
[TimeControl "180+0"]

1. e4 c5 2. Nf3 Nc6 3. d4 cxd4 4. Nxd4 Nf6 5. Nc3 e5 6. Ndb5 d6 7. a4 Bg4 8.
f3 Be6 9. Be3 a6 10. Na3 Be7 11. Bc4 O-O 12. O-O Rc8 13. Qd3 Nb4 14. Qe2
Bxc4 15. Nxc4 Nxc2 16. Bb6 Qd7 17. Nxe5 dxe5 18. Qxc2 Rc6 19. Be3 Rfc8 20.
Bg5 h6 21. Bxf6 Bxf6 22. Rfd1 Qe6 23. Rac1 Be7 24. Qe2 Bb4 25. Qd3 Qb3 26.
Rb1 Rd6 27. Nd5 Bc5+ 28. Kh1 Qxa4 29. Rbc1 Qd7 30. Qc4 Rcc6 31. Qe2 Bd4 32.
Rc4 Rxc4 33. Qxc4 Rc6 34. Qb3 Kh7 35. h3 b5 36. Qd3 Qd8 37. b3 Qh4 38. Qe2
Qg5 39. Qd2 Qxd2 40. Rxd2 Rc1+ 41. Kh2 Bg1+ 42. Kg3 h5 43. Kh4 Kh6 44. g4
Rf1 45. Kg3 h4+ 46. Kg2 Rc1 47. Re2 Bd4 48. f4 Rg1+ 49. Kf3 Rg3#
{White checkmated}
0-1

[Event "ICCopen2017"]
[Site "Internet Chess Club"]
[Date "2017.03.26"]
[Round "10"]
[White "knightspirit"]
[Black "Massada"]
[Result "1-0"]
[ICCResult "Black forfeits on time"]
[WhiteElo "1281"]
[BlackElo "1499"]
[Opening "Two knights defense (Modern bishop's opening)"]
[ECO "C55"]
[NIC "IG.01"]
[Time "20:53:04"]
[TimeControl "180+0"]

1. e4 e5 2. Nf3 Nc6 3. Bc4 Nf6 4. d3 Be7 5. Nc3 O-O 6. a3 d6 7. h3 Be6 8.
Nd5 Nd4 9. c3 Nxd5 10. Bxd5 c6 11. cxd4 cxd5 12. dxe5 dxe4 13. exd6 exf3 14.
dxe7 Qxe7 15. Qxf3 Bd5+ 16. Qe3 Qh4 17. O-O Rfe8 18. Qf4 Qh5 19. Be3 Re6 20.
f3 Rg6 21. Kf2 Re8 22. Rae1 Rf6 23. Qg4 Qxg4 24. h4 Rfe6 25. f4 Qxh4+ 26.
Kg1 {Black forfeits on time} 1-0

[Event "ICCopen2017"]
[Site "Internet Chess Club"]
[Date "2017.03.26"]
[Round "10"]
[White "rugsy"]
[Black "rencoroso"]
[Result "0-1"]
[ICCResult "White checkmated"]
[WhiteElo "1414"]
[BlackElo "1969"]
[Opening "Sicilian: Alapin's variation (2.c3)"]
[ECO "B22"]
[NIC "SI.46"]
[Time "20:52:25"]
[TimeControl "180+0"]

1. e4 c5 2. c3 d5 3. exd5 Qxd5 4. Qf3 Qd8 5. Bb5+ Nd7 6. d4 cxd4 7. cxd4 Nf6
8. Ne2 e6 9. O-O Be7 10. Bf4 O-O 11. Nbc3 a6 12. Ba4 Nb6 13. Bc2 Nbd5 14.
Be3 Bd7 15. Nf4 Bc6 16. Nfxd5 Nxd5 17. Qh3 g6 18. Bh6 Re8 19. Rad1 Bf6 20.
Ne4 Bh8 21. Nc5 Qb6 22. Bb3 Rac8 23. Be3 Nxe3 24. fxe3 e5 25. Na4 Qa5 26.
dxe5 Bxa4 27. Bxf7+ Kg7 28. b3 Bc6 29. Bxe8 Rxe8 30. e6 Rf8 31. Rxf8 Kxf8
32. Rd4 Ke7 33. Qh4+ Bf6 34. Qxf6+ Kxf6 35. e7 Qe1# {White checkmated} 0-1

[Event "ICCopen2017"]
[Site "Internet Chess Club"]
[Date "2017.03.26"]
[Round "10"]
[White "Dupinpon"]
[Black "Synapse"]
[Result "1-0"]
[ICCResult "Black checkmated"]
[WhiteElo "1646"]
[BlackElo "1473"]
[Opening "Scandinavian defense, Lasker variation"]
[ECO "B01"]
[NIC "SD.01"]
[Time "20:54:17"]
[TimeControl "180+0"]

1. e4 d5 2. exd5 Qxd5 3. Nc3 Qa5 4. d4 Nf6 5. Nf3 Bg4 6. h3 Bh5 7. g4 Bg6 8.
Ne5 e6 9. Bg2 c6 10. O-O Nbd7 11. Bf4 Nxe5 12. Bxe5 Be7 13. Qe2 O-O 14. a3
Nd5 15. Ne4 Qb6 16. c4 f6 17. c5 Qd8 18. Bd6 Bxe4 19. Bxe7 Nxe7 20. Qxe4 Qd5
21. Rfe1 Kf7 22. Qxh7 Qxd4 23. Qh5+ Ng6 24. Rad1 Qf4 25. Rd7+ Kg8 26. Qxg6
e5 27. Qxg7# {Black checkmated} 1-0

[Event "ICCopen2017"]
[Site "Internet Chess Club"]
[Date "2017.03.26"]
[Round "10"]
[White "DEHO"]
[Black "cloak1"]
[Result "1-0"]
[ICCResult "Black checkmated"]
[WhiteElo "2059"]
[BlackElo "1864"]
[Opening "Queen's gambit accepted"]
[ECO "D20"]
[NIC "QG.03"]
[Time "20:52:27"]
[TimeControl "180+0"]

1. d4 d5 2. c4 dxc4 3. e3 b5 4. a4 e5 5. axb5 exd4 6. exd4 Be6 7. Nc3 Nf6 8.
Nf3 Bb4 9. Be2 Nd5 10. Bd2 O-O 11. O-O Nb6 12. Qc2 f6 13. Rfe1 Bf7 14. Ne4
Bxd2 15. Nexd2 c6 16. Nxc4 cxb5 17. Na5 N8d7 18. Bxb5 Rc8 19. Qd2 Bd5 20.
Be2 Qc7 21. Rec1 Qd6 22. b3 Qe6 23. Qe3 Qxe3 24. fxe3 Rfe8 25. Kf2 Kf7 26.
Nc4 Bxc4 27. bxc4 Rc7 28. c5 Nc8 29. Bc4+ Kf8 30. Nd2 Ne7 31. Bd3 Rb8 32.
Rcb1 Rcb7 33. Rxb7 Rxb7 34. Nc4 g6 35. Be4 Rc7 36. Nd6 Nb8 37. Nb5 Rc8 38.
Rxa7 Nbc6 39. Bxc6 Rxc6 40. Nd6 Nf5 41. Nxf5 gxf5 42. Rg7 Ra6 43. Rxh7 Kg8
44. Rb7 Ra2+ 45. Kf3 Ra3 46. c6 Rc3 47. c7 Kf8 48. Rb8+ Ke7 49. c8=Q Rxc8
50. Rxc8 Kd7 51. Rc5 Ke6 52. h4 f4 53. Kxf4 Kf7 54. Kf5 Kg7 55. g4 Kh6 56.
Rc6 Kg7 57. Rxf6 Kh7 58. g5 Kg7 59. g6 Kh6 60. Rf7 Kh5 61. Rh7#
{Black checkmated}
1-0

[Event "ICCopen2017"]
[Site "Internet Chess Club"]
[Date "2017.03.26"]
[Round "10"]
[White "VrloJakMK"]
[Black "Dictator"]
[Result "0-1"]
[ICCResult "White forfeits on time"]
[WhiteElo "2027"]
[BlackElo "2554"]
[Opening "Grünfeld: 5.Bg5"]
[ECO "D91"]
[NIC "GI.08"]
[Time "20:53:07"]
[TimeControl "180+0"]

1. d4 Nf6 2. c4 g6 3. Nc3 d5 4. Nf3 Bg7 5. Bg5 Ne4 6. cxd5 Nxg5 7. Nxg5 e6
8. Qd2 exd5 9. Qe3+ Kf8 10. Qf4 Bf6 11. h4 Kg7 12. g4 c6 13. e4 dxe4 14.
O-O-O Re8 15. Bc4 Be6 16. Bxe6 fxe6 17. Ncxe4 Nd7 18. h5 h6 19. Nf7 g5 20.
Nxd8 gxf4 21. Nxb7 Nb6 22. Nbd6 Red8 23. b3 Nd5 24. Nxf6 Nxf6 25. Nc4 Rd5
26. f3 Rad8 27. Ne5 c5 28. dxc5 Rxc5+ 29. Kb2 Rxd1 30. Rxd1 Rxe5 31. Rd6
Re2+ 32. Ka3 Re3 33. Ra6 Rxf3 34. Rxa7+ Kf8 {White forfeits on time} 0-1

[Event "ICCopen2017"]
[Site "Internet Chess Club"]
[Date "2017.03.26"]
[Round "10"]
[White "LiangLiang"]
[Black "brittabeast"]
[Result "1-0"]
[ICCResult "Black forfeits on time"]
[WhiteElo "1709"]
[BlackElo "1515"]
[Opening "Benko's opening"]
[ECO "A00"]
[NIC "VO.09"]
[Time "20:52:46"]
[TimeControl "180+0"]

1. g3 d5 2. Bg2 c6 3. Nf3 Nf6 4. O-O g6 5. c4 dxc4 6. Qc2 Bg7 7. Qxc4 O-O 8.
d4 Be6 9. Qd3 Bd5 10. Nc3 Nbd7 11. e4 Be6 12. Ng5 Nb6 13. Nxe6 fxe6 14. Bh3
e5 15. Be6+ Kh8 16. d5 cxd5 17. exd5 e4 18. Nxe4 Nxe4 19. Qxe4 Qd6 20. Bf4
Qc5 21. Rac1 Qb5 22. Be5 Rad8 23. Bxg7+ Kxg7 24. Qd4+ Rf6 25. Rc5 Qa4 26.
Qxa4 Nxa4 27. Rc7 Nxb2 28. Rxe7+ Kh6 29. Rxb7 Nd3 30. Rxa7 Nc5 31. a4 Nxe6
32. dxe6 Rxe6 33. a5 Rd5 34. a6 Rdd6 35. Ra1 Re8 36. Rb7 Re2 37. a7 Rdd2 38.
a8=Q Rxf2 39. Rxh7+ {Black forfeits on time} 1-0

[Event "ICCopen2017"]
[Site "Internet Chess Club"]
[Date "2017.03.26"]
[Round "10"]
[White "nadalthegreat"]
[Black "F83"]
[Result "1/2-1/2"]
[ICCResult "White stalemated"]
[WhiteElo "2041"]
[BlackElo "1928"]
[Opening "King's Indian: 5.Nf3"]
[ECO "E90"]
[NIC "KI.21"]
[Time "20:52:43"]
[TimeControl "180+0"]

1. d4 Nf6 2. c4 g6 3. Nc3 Bg7 4. e4 d6 5. Nf3 O-O 6. g3 e5 7. dxe5 dxe5 8.
Qxd8 Rxd8 9. Bg5 Nc6 10. Nd5 Bg4 11. Bg2 Rd6 12. Bxf6 Bxf6 13. Nxc7 Rc8 14.
Nd5 Bxf3 15. Bxf3 Nd4 16. Bd1 Rxc4 17. O-O Kg7 18. Bb3 Nxb3 19. axb3 Rxe4
20. Nxf6 Rxf6 21. Rxa7 Rb6 22. Rc1 Re2 23. Rc7 Rxb3 24. Raxb7 Rf3 25. b4
Rfxf2 26. b5 Rg2+ 27. Kf1 Ref2+ 28. Ke1 Rxh2 29. b6 e4 30. Re7 e3 31. Rxf7+
Rxf7 32. Rxf7+ Kxf7 33. b7 Rb2 34. b8=Q Rxb8 35. Ke2 Rb3 36. g4 h5 37. g5
Ke6 38. Kf3 Kf5 39. Kg3 e2+ 40. Kf2 Rb2 41. Ke1 Kxg5 42. Kf2 Kf4 43. Ke1 h4
44. Kf2 h3 45. Ke1 h2 46. Kf2 h1=Q {White stalemated} 1/2-1/2

[Event "ICCopen2017"]
[Site "Internet Chess Club"]
[Date "2017.03.26"]
[Round "10"]
[White "starfiasch"]
[Black "SONICS71"]
[Result "1-0"]
[ICCResult "Black checkmated"]
[WhiteElo "1562"]
[BlackElo "1722"]
[Opening "English: three knights system"]
[ECO "A27"]
[NIC "EO.19"]
[Time "20:52:38"]
[TimeControl "180+0"]

1. Nf3 Nc6 2. c4 e5 3. Nc3 g6 4. g3 Bg7 5. Bg2 Nge7 6. O-O d6 7. d3 O-O 8.
Bd2 h6 9. Rb1 Be6 10. a3 Qd7 11. b4 Bh3 12. b5 Nd8 13. Nd5 Bxg2 14. Kxg2 f5
15. Qc1 Kh7 16. e4 c6 17. bxc6 bxc6 18. Nxe7 Qxe7 19. exf5 gxf5 20. Re1 Qf7
21. Bc3 Ne6 22. d4 e4 23. Nh4 Ng5 24. d5 c5 25. Bxg7 Qxg7 26. f3 exf3+ 27.
Nxf3 Nxf3 28. Kxf3 Qg4+ 29. Kg2 Rae8 30. Rb7+ Kg8 31. Qd2 Qxc4 32. Qxh6 Qc2+
33. Kh3 Qxh2+ 34. Kxh2 Rxe1 35. Qg7# {Black checkmated} 1-0

[Event "ICCopen2017"]
[Site "Internet Chess Club"]
[Date "2017.03.26"]
[Round "10"]
[White "Shadeath"]
[Black "ural"]
[Result "1-0"]
[ICCResult "Black resigns"]
[WhiteElo "2744"]
[BlackElo "2342"]
[Opening "Queen's pawn game, Chigorin variation"]
[ECO "D02"]
[NIC "QP.08"]
[Time "20:53:27"]
[TimeControl "180+0"]

1. d4 d5 2. Nf3 Nc6 3. c4 e5 4. cxd5 Qxd5 5. Nc3 Bb4 6. Bd2 Bxc3 7. Bxc3 e4
8. Ne5 Nxe5 9. dxe5 Ne7 10. e3 Be6 11. Be2 O-O 12. Qc2 Nc6 13. Rd1 Qxa2 14.
Qxe4 Rad8 15. O-O Rd5 16. Ra1 Qb3 17. Bc4 Rxe5 18. Bxe5 Qxc4 19. Bd4 Nxd4
20. exd4 Bd5 21. Qe3 a6 22. Rfc1 Qb5 23. Rxc7 Qxb2 24. Re1 h6 25. Qe7 g6 26.
Qe5 Qb5 27. Rc5 Qb4 28. Rxd5 {Black resigns} 1-0

[Event "ICCopen2017"]
[Site "Internet Chess Club"]
[Date "2017.03.26"]
[Round "10"]
[White "wolfandcheapgin"]
[Black "gibert"]
[Result "1-0"]
[ICCResult "Black forfeits on time"]
[WhiteElo "1304"]
[BlackElo "1460"]
[Opening "Ruy Lopez: Bird's defense"]
[ECO "C61"]
[NIC "RL.05"]
[Time "20:52:37"]
[TimeControl "180+0"]

1. e4 e5 2. Nf3 Nc6 3. Bb5 Nd4 4. Nxd4 exd4 5. O-O Bc5 6. c3 Ne7 7. cxd4
Bxd4 8. Nc3 O-O 9. d3 c6 10. Ba4 d5 11. exd5 Nxd5 12. Nxd5 Qxd5 13. Bb3 Qf5
14. Be3 Bxb2 15. Rb1 Bf6 16. Bc2 b6 17. d4 Qd7 18. Qh5 g6 19. Qh6 Bg7 20.
Qh4 Qd8 21. Qg3 Be6 22. Rfc1 Bd5 23. Bb3 Qd7 24. Qg5 Rad8 25. Bxd5 Qxd5 26.
Qxd5 cxd5 27. Rc7 Ra8 28. Rbc1 Rfd8 29. Rb7 Rdc8 30. Rcc7 Rxc7 31. Rxc7 Bf6
32. Rd7 Rc8 33. g3 Rc2 34. a3 a5 35. Rxd5 Rb2 36. a4 Rb4 37. Rb5 Rxa4 38.
Rxb6 Bxd4 39. Rb8+ Kg7 40. Bxd4+ Rxd4 41. Ra8 a4 42. Kg2 Rb4 43. h3 h5 44.
Kh2 g5 45. Kg2 Kg6 46. Kf3 Rb3+ 47. Kg2 a3 48. h4 gxh4 49. gxh4 Kg7 50. Ra4
{Black forfeits on time}
1-0

[Event "ICCopen2017"]
[Site "Internet Chess Club"]
[Date "2017.03.26"]
[Round "10"]
[White "zenit"]
[Black "DOCA"]
[Result "0-1"]
[ICCResult "White forfeits on time"]
[WhiteElo "1895"]
[BlackElo "1823"]
[Opening "Sicilian: Najdorf, 7.f4"]
[ECO "B96"]
[NIC "SI.06"]
[Time "20:52:38"]
[TimeControl "180+0"]

1. e4 c5 2. Nf3 d6 3. d4 cxd4 4. Nxd4 Nf6 5. Nc3 a6 6. Bg5 e6 7. f4 Nbd7 8.
Qe2 Be7 9. O-O-O Qc7 10. Nf3 O-O 11. Kb1 b5 12. e5 dxe5 13. fxe5 h6 14. exf6
Nxf6 15. Bh4 Bb7 16. Qf2 Rac8 17. Bd3 b4 18. Ne2 Bd5 19. Nfd4 Ng4 20. Qg3
Bxh4 21. Qxh4 Ne3 22. Rd2 Nc4 23. Bxc4 Qxc4 24. b3 Qc5 25. Nf4 Be4 26. Re1
Bh7 27. Nd3 Qc3 28. Red1 Rcd8 29. Ne2 Qc7 30. Qxb4 Rb8 31. Qc3 Qxh2 32. g4
Qg2 33. Nef4 Qxg4 34. Rg2 Rbc8 35. Qb2 Qxg2 36. Nxg2 Bxd3 37. Rxd3 g6 38.
Nf4 h5 39. Rg3 Kh7 40. Qf6 Rg8 41. Nxh5 gxh5 42. Qxf7+ Kh6 43. Qxe6+ Kh7 44.
Qf7+ Kh6 45. Qf6+ Kh7 46. Rxg8 Rxg8 47. Qxa6 Rg1+ 48. Kb2 Rg6 49. Qb7+ Kh6
50. Qf3 Kg5 51. Qh3 h4 52. a4 Kh5 53. a5 Rg3 54. Qf5+ Kh6 55. Qf4+ Kh5
{White forfeits on time}
0-1

[Event "ICCopen2017"]
[Site "Internet Chess Club"]
[Date "2017.03.26"]
[Round "10"]
[White "olimpioMD"]
[Black "RobbieWilliams"]
[Result "0-1"]
[ICCResult "White checkmated"]
[WhiteElo "1366"]
[BlackElo "1800"]
[Opening "Réti: King's Indian attack (Barcza system)"]
[ECO "A07"]
[NIC "QP.09"]
[Time "20:53:27"]
[TimeControl "180+0"]

1. Nf3 d5 2. g3 c6 3. Bg2 e6 4. b3 f5 5. Bb2 Nf6 6. h4 Bd6 7. h5 Qe7 8. h6
g6 9. Nc3 e5 10. Na4 e4 11. Nd4 O-O 12. e3 Nbd7 13. Ne2 Ne5 14. Nf4 Bd7 15.
Nh3 b5 16. Ng5 bxa4 17. Bd4 c5 18. Bb2 Nfg4 19. f4 exf3 20. Bxf3 Qxg5 21.
Bxd5+ Kh8 22. Qe2 Nxh6 23. O-O-O Nf7 24. Rh4 Kg8 25. Rdh1 h5 26. Kb1 axb3
27. cxb3 a5 28. d4 cxd4 29. Bxd4 a4 30. e4 axb3 31. Bxb3 Rfb8 32. exf5 Bxf5+
33. Kb2 Nd3+ 34. Kc3 Bb4+ 35. Kc4 Rc8+ 36. Kd5 Bg4+ 37. Qe5 Nfxe5 38. Bxe5
Qxe5# {White checkmated} 0-1

[Event "ICCopen2017"]
[Site "Internet Chess Club"]
[Date "2017.03.26"]
[Round "10"]
[White "Chaos23"]
[Black "cheslikeyomama"]
[Result "1-0"]
[ICCResult "Black forfeits on time"]
[WhiteElo "1825"]
[BlackElo "1529"]
[Opening "Benko's opening"]
[ECO "A00"]
[NIC "VO.09"]
[Time "20:52:59"]
[TimeControl "180+0"]

1. g3 g6 2. Bg2 Bg7 3. c4 d6 4. d4 Nh6 5. e3 f5 6. Nh3 Nc6 7. O-O O-O 8. d5
Ne5 9. Qe2 Nhf7 10. Nc3 g5 11. e4 g4 12. Nf4 Ng5 13. Nh5 Bh6 14. Bxg5 Bxg5
15. f4 gxf3 16. Bxf3 Nxf3+ 17. Rxf3 f4 18. gxf4 Rxf4 19. Nxf4 Bg4 20. Qg2
Bxf3 21. Qxg5+ Kh8 22. Rf1 Qd7 23. Ng6+ hxg6 24. Qh6+ Kg8 25. Qxg6+ Kh8 26.
Qh6+ Kg8 27. Rxf3 Qg4+ 28. Rg3 Qxg3+ 29. hxg3 Rf8 30. e5 Rf7 31. e6 Rg7 32.
Ne4 c6 33. Ng5 cxd5 34. cxd5 b5 35. Nf7 {Black forfeits on time} 1-0

[Event "ICCopen2017"]
[Site "Internet Chess Club"]
[Date "2017.03.26"]
[Round "10"]
[White "rickky20"]
[Black "simplerxiao"]
[Result "0-1"]
[ICCResult "White checkmated"]
[WhiteElo "1728"]
[BlackElo "1974"]
[Opening "Nimzovich-Larsen attack: modern variation"]
[ECO "A01"]
[NIC "VO.08"]
[Time "20:52:43"]
[TimeControl "180+0"]

1. b3 e5 2. Bb2 Nc6 3. e3 a6 4. Nf3 d6 5. Be2 f5 6. d4 e4 7. Nfd2 Qg5 8. g3
Nf6 9. h4 Qg6 10. c4 Be7 11. Nc3 Bd7 12. h5 Qf7 13. a3 O-O 14. h6 g6 15. b4
a5 16. b5 Na7 17. Qb3 Nc8 18. Na4 Nb6 19. d5 Ne8 20. Bd4 Nxa4 21. Qxa4 Bf6
22. Nb3 Qe7 23. Bxf6 Nxf6 24. Nd4 Ng4 25. Qc2 Qe5 26. Rh4 Nxe3 27. fxe3
Qxg3+ 28. Kd2 Qxh4 29. Rg1 Rae8 30. Qc3 Qxh6 31. Qc1 f4 32. Rh1 Qg7 33. Qg1
f3 34. Bf1 f2 35. Qg5 Rf5 36. Qh4 Rh5 37. Qxf2 Rxh1 38. Bg2 Rf8 39. Qg3 Rg1
40. Qh2 Rxg2+ 41. Qxg2 Qf6 42. Qxe4 Bf5 43. Qf4 Qe5 44. Qh6 Re8 45. a4 Qe4
46. b6 cxb6 47. Nxf5 Qxf5 48. Qh2 Qe4 49. Qg3 Qxc4 50. Qxd6 Qb4+ 51. Qxb4
axb4 52. Kd3 b3 53. e4 b2 54. Kc2 Rxe4 55. Kxb2 Rd4 56. Kc3 Rxd5 57. Kc4 Rd7
58. Kb4 h5 59. Kb5 h4 60. Kxb6 h3 61. Kc5 h2 62. a5 h1=Q 63. Kb4 Qc6 64. a6
Rd4+ 65. Kb3 Qc4+ 66. Ka3 Rd3+ 67. Kb2 Qc3+ 68. Kb1 Rd1+ 69. Ka2 Ra1#
{White checkmated}
0-1

[Event "ICCopen2017"]
[Site "Internet Chess Club"]
[Date "2017.03.26"]
[Round "10"]
[White "blunder23"]
[Black "splashlee2010"]
[Result "1-0"]
[ICCResult "Black forfeits on time"]
[WhiteElo "1480"]
[BlackElo "1236"]
[Opening "Sicilian defense"]
[ECO "B30"]
[NIC "SI.31"]
[Time "20:52:28"]
[TimeControl "180+0"]

1. e4 c5 2. Nf3 Nc6 3. c3 e6 4. d4 cxd4 5. cxd4 d5 6. Nc3 Nf6 7. e5 Nd7 8.
Bb5 a6 9. Bd3 b5 10. O-O Qb6 11. Ne2 Be7 12. Qc2 h6 13. a3 Na5 14. b3 Bb7
15. Bd2 Rc8 16. Qd1 O-O 17. Ng3 Nc6 18. Be3 Rc7 19. Bc2 Rfc8 20. Qd3 Nf8 21.
Nh5 Na5 22. Rac1 g6 23. Nf6+ Kg7 24. Qd2 Bxf6 25. exf6+ Kxf6 26. Bxh6 Nh7
27. Bg5+ Nxg5 28. Qxg5+ Kg7 29. h4 Rh8 30. Qe5+ f6 31. Qg3 Nc6 32. Qxg6+ Kf8
33. Qxf6+ Kg8 34. Qxe6+ Rf7 35. Bg6 Nd8 36. Qe8+ Kg7 37. Qe5+ Kxg6 38. Qg5+
Kh7 39. Ne5 Rg7 40. Qf5+ Kg8 41. Nd7 Qg6 42. Qxg6 Rxg6 43. Rc7 Ne6 44. Rxb7
Nf4 45. g3 Ne2+ 46. Kg2 Rxh4 47. Ne5 Re4 48. Nxg6 Nc3 49. Ne7+ Kf8 50. Nf5
Ke8 51. Rb8+ Kd7 52. Rb7+ {Black forfeits on time} 1-0

[Event "ICCopen2017"]
[Site "Internet Chess Club"]
[Date "2017.03.26"]
[Round "10"]
[White "leonardoalmeida"]
[Black "UnderArmour"]
[Result "0-1"]
[ICCResult "White forfeits on time"]
[WhiteElo "1841"]
[BlackElo "1974"]
[Opening "Van't Kruijs opening"]
[ECO "A00"]
[Time "20:53:05"]
[TimeControl "180+0"]

1. e3 e6 2. b3 d5 3. Bb2 Nf6 4. Qf3 Be7 5. Nc3 c5 6. Qg3 O-O 7. Be2 Nc6 8.
Nh3 d4 9. Nb1 e5 10. O-O h6 11. f3 Nh5 12. Qf2 Bh4 13. g3 Bxh3 14. gxh4 Bxf1
15. Bxf1 f5 16. Na3 Rf6 17. Kh1 Rg6 18. Bc4+ Kh8 19. Rg1 Rxg1+ 20. Kxg1 Qf6
21. Nb5 Rd8 22. Nc7 dxe3 23. dxe3 Rd1+ 24. Kg2 Qg6+ 25. Kh3 f4 26. e4 Nd4
27. Bxd4 cxd4 28. Ne6 Nf6 29. Nf8 Qe8 30. Ne6 b5 31. Qe2 Rg1 32. Nc7 Qd7+
33. Be6 Qxc7 34. Qxb5 Qd8 35. Qb7 Nh5 36. Qf7 Nf6 37. Bf5 Rf1 38. Kg2 Rd1
39. Qg6 Rd2+ 40. Kh3 Rxc2 {White forfeits on time} 0-1

[Event "ICCopen2017"]
[Site "Internet Chess Club"]
[Date "2017.03.26"]
[Round "10"]
[White "see101"]
[Black "BillietheKid"]
[Result "1-0"]
[ICCResult "Black forfeits on time"]
[WhiteElo "1406"]
[BlackElo "1367"]
[Opening "French: Steinitz variation"]
[ECO "C11"]
[NIC "FR.04"]
[Time "20:53:13"]
[TimeControl "180+0"]

1. e4 e6 2. d4 d5 3. Nc3 Nf6 4. e5 Nfd7 5. f4 c5 6. Nf3 cxd4 7. Nxd4 Nc6 8.
Be2 Bc5 9. Nb3 Bb6 10. Nb5 O-O 11. Nd6 f6 12. Bd2 fxe5 13. fxe5 Ndxe5 14.
Nb5 Qh4+ 15. g3 Qh3 16. Bf4 a6 17. N5d4 Nxd4 18. Nxd4 Nc4 19. Bxc4 dxc4 20.
Qd2 Rd8 21. c3 e5 22. Bxe5 Re8 23. Nf3 Bg4 24. Qd5+ Kh8 25. O-O-O Rad8 26.
Qxc4 Bxf3 27. Rxd8 Rxd8 28. Re1 Qg2 29. b4 Bh5 30. Bc7 Bxc7 31. Qxc7 Rf8 32.
Qxb7 Bg6 33. Qxg2 {Black forfeits on time} 1-0

[Event "ICCopen2017"]
[Site "Internet Chess Club"]
[Date "2017.03.26"]
[Round "10"]
[White "Harmony1957"]
[Black "Wilsonpalencia"]
[Result "0-1"]
[ICCResult "White checkmated"]
[WhiteElo "2311"]
[BlackElo "2546"]
[Opening "Sicilian: dragon, classical attack"]
[ECO "B72"]
[NIC "SI.16"]
[Time "20:52:48"]
[TimeControl "180+0"]

1. e4 c5 2. Nf3 d6 3. d4 cxd4 4. Nxd4 Nf6 5. Nc3 g6 6. Be3 Bg7 7. Be2 O-O 8.
Nb3 Nc6 9. g4 Be6 10. g5 Nd7 11. h4 a5 12. a4 Nc5 13. Nd4 Qb6 14. Ndb5 Bxc3+
15. bxc3 Ne5 16. h5 Qc6 17. f3 b6 18. Qd4 Bd7 19. f4 Ng4 20. hxg6 fxg6 21.
Bc4+ Be6 22. f5 Nxe3 23. Bxe6+ Nxe6 24. Qxe3 Rxf5 25. O-O-O Re5 26. Qh3 Nxg5
27. Qh6 Qxe4 28. Rdg1 Kf7 29. Kb2 Rc8 30. Rf1+ Ke8 31. Rhg1 Ne6 32. Qxh7 Kd7
33. Rd1 Rxb5+ 34. axb5 Qe3 35. Rg2 Qxc3+ 36. Kb1 Rc4 37. Kc1 Qa3+ 38. Kd2
Rd4+ 39. Ke1 Qe3+ 40. Re2 Qg1# {White checkmated} 0-1

[Event "ICCopen2017"]
[Site "Internet Chess Club"]
[Date "2017.03.26"]
[Round "10"]
[White "Revolutions"]
[Black "octavia"]
[Result "1-0"]
[ICCResult "Black resigns"]
[WhiteElo "1832"]
[BlackElo "2142"]
[Opening "Nimzo-Indian: three knights variation"]
[ECO "E21"]
[NIC "NI.28"]
[Time "20:53:24"]
[TimeControl "180+0"]

1. d4 Nf6 2. c4 e6 3. Nc3 Bb4 4. Nf3 c5 5. g3 Nc6 6. Bg2 Ne4 7. Bd2 Nxd2 8.
Qxd2 cxd4 9. Nxd4 O-O 10. O-O Ne5 11. Nb3 Nxc4 12. Qf4 Bxc3 13. bxc3 d5 14.
Rfd1 b6 15. Rab1 Bb7 16. e4 Rc8 17. exd5 Bxd5 18. Qg4 Re8 19. Rd4 Qf6 20.
Rbd1 Bxg2 21. Kxg2 Ne5 22. Qe2 Rxc3 23. Rf4 Qg6 24. Qxe5 Rc2 25. Qb5 Rec8
26. Rfd4 h6 27. Qd3 Qxd3 28. R4xd3 Rxa2 29. Rd8+ Rxd8 30. Rxd8+ Kh7 31. Rd7
Kg6 32. Nd4 a5 33. Nc6 Kf6 34. Rb7 Rb2 35. Nxa5 Rb4 36. Nc6 Rb2 37. Nd8 b5
38. Rxf7+ Ke5 39. Rxg7 b4 40. Rg4 b3 41. Rb4 Rb1 42. h4 Kd5 43. g4 e5 44. g5
hxg5 45. hxg5 Kc5 46. Rb8 b2 47. g6 Kd6 48. g7 Kc7 49. Rb3 Kxd8 50. g8=Q+
Kd7 51. Qd5+ {Black resigns} 1-0

[Event "ICCopen2017"]
[Site "Internet Chess Club"]
[Date "2017.03.26"]
[Round "10"]
[White "ylr5000"]
[Black "yozhik"]
[Result "1/2-1/2"]
[ICCResult "White ran out of time and Black has no material to mate"]
[WhiteElo "2279"]
[BlackElo "2676"]
[Opening "English, 1...Nf6 (Anglo-Indian defense)"]
[ECO "A15"]
[NIC "EO.64"]
[Time "20:52:42"]
[TimeControl "180+0"]

1. c4 Nf6 2. g3 g6 3. Bg2 Bg7 4. Nc3 O-O 5. Bf3 d6 6. Bg2 e5 7. Nf3 Nc6 8.
d3 Re8 9. O-O e4 10. dxe4 Nxe4 11. Nxe4 Rxe4 12. Nd2 Re8 13. Rb1 a5 14. b3
a4 15. Bb2 Bxb2 16. Rxb2 axb3 17. axb3 Qf6 18. Rb1 Ra2 19. Ne4 Qg7 20. Rc1
Bg4 21. Bf3 Bh3 22. Re1 Nd4 23. Nc3 Nxf3+ 24. exf3 Raa8 25. Nd5 c6 26. Nf4
Rxe1+ 27. Qxe1 Bf5 28. Rd1 Qe5 29. Qd2 Rd8 30. Re1 Qf6 31. h4 Ra8 32. Kg2
Kg7 33. Re3 Ra1 34. Qb4 Rb1 35. Re1 Rxe1 36. Qxe1 Qd4 37. Qe7 b5 38. cxb5
cxb5 39. h5 Qe5 40. h6+ Kxh6 41. Qf8+ Qg7 42. Qxd6 b4 43. Qxb4 g5 44. Qd6+
f6 45. Nd5 Bg6 46. Nxf6 Qf7 47. Ng4+ Kg7 48. Qe5+ Kf8 49. Qxg5 Qxb3 50. Qf6+
Ke8 51. Ne5 Qd5 52. Nxg6 hxg6 53. Qxg6+ Kd7 54. Qg4+ Kc7 55. Qf4+ Kb6 56.
Qe4 Qc5 57. Qe3 Qxe3 58. fxe3 Kc5 59. g4 Kc4 60. g5 Kd3 61. g6 Kxe3 62. g7
Kd3 63. g8=Q Kc2 64. Qe6 Kb1 65. Qe2 Ka1 66. Kf2 Kb1 67. Ke3 Ka1
{White ran out of time and Black has no material to mate}
1/2-1/2

[Event "ICCopen2017"]
[Site "Internet Chess Club"]
[Date "2017.03.26"]
[Round "10"]
[White "Filiron"]
[Black "Darnoc"]
[Result "1/2-1/2"]
[ICCResult "Game drawn by repetition"]
[WhiteElo "2419"]
[BlackElo "2907"]
[Opening "Queen's pawn, Mason variation, Steinitz counter-gambit"]
[ECO "D00"]
[NIC "QP.08"]
[Time "20:53:50"]
[TimeControl "180+0"]

1. d4 d5 2. Bf4 c5 3. e3 Nc6 4. c3 Nf6 5. Nd2 Bf5 6. Ngf3 e6 7. Qb3 Qc8 8.
Bb5 Be7 9. O-O O-O 10. h3 a6 11. Bxc6 Qxc6 12. Ne5 Qc8 13. Qd1 Nd7 14. Nxd7
Qxd7 15. dxc5 Bxc5 16. e4 dxe4 17. Nb3 Qxd1 18. Raxd1 Bb6 19. Rd7 e5 20.
Rxb7 exf4 21. Rxb6 Rfb8 22. Rxb8+ Rxb8 23. Nd4 Bd7 24. b3 g5 25. c4 Kg7 26.
Re1 f5 27. Rd1 Kf6 28. Nc6 Bxc6 29. Rd6+ Ke5 30. Rxc6 Rd8 31. Rc5+ Ke6 32.
Rc6+ Ke5 33. Rc5+ Kf6 34. Rc6+ Kf7 35. Rc7+ Ke6 36. Rc6+ Kf7 37. Rc7+ Kg6
38. Rc6+ Kh5 39. Kf1 a5 40. Ke2 a4 41. c5 axb3 42. axb3 Ra8 43. Rd6 Ra2+ 44.
Rd2 Ra3 45. Rc2 Rxb3 46. c6 Rb8 47. c7 Rc8 48. Rc5 Kg6 49. Rc6+ Kh5 50. Rc5
Kg6 51. Rc6+ Kh5 52. Rc5 {Game drawn by repetition} 1/2-1/2

[Event "ICCopen2017"]
[Site "Internet Chess Club"]
[Date "2017.03.26"]
[Round "10"]
[White "GYMEJR"]
[Black "wmanthony"]
[Result "1-0"]
[ICCResult "Black forfeits on time"]
[WhiteElo "1535"]
[BlackElo "1331"]
[Opening "Queen's pawn: London system"]
[ECO "A45"]
[NIC "QP.07"]
[Time "20:53:21"]
[TimeControl "180+0"]

1. d4 Nf6 2. Bf4 e6 3. e3 d5 4. Nf3 c5 5. c3 Nc6 6. Nbd2 Be7 7. Bd3 O-O 8.
h3 a6 9. Rc1 b5 10. Bb1 b4 11. Qc2 g6 12. Bh6 Re8 13. Ne5 Nxe5 14. dxe5 Nd7
15. Nf3 Qc7 16. Bf4 bxc3 17. bxc3 c4 18. h4 Nc5 19. Qd2 a5 20. h5 Rb8 21.
hxg6 fxg6 22. O-O Bf8 23. Nd4 Bg7 24. Nf3 Bd7 25. Qd4 Rb5 26. Bg5 Reb8 27.
Bf6 {Black forfeits on time} 1-0